 Dungeon Crawl Stone Soup version 0.20.0-6-gd3061e9 (webtiles) character file.

186 anfisbena the Skirmisher (level 5, -1/50 HPs)
             Began as a Hill Orc Fighter on May 28, 2017.
             Killed from afar by an electric eel (4 damage)
             ... with a bolt of electricity
             ... on level 3 of the Dungeon.
             The game lasted 00:01:45 (1876 turns).

anfisbena the Skirmisher (Hill Orc Fighter)         Turns: 1876, Time: 00:01:46

Health: -1/50      AC:  8    Str: 24    XL:     5   Next: 65%
Magic:  5/5        EV:  7    Int:  8    God:
Gold:   96         SH:  9    Dex: 11    Spells: 4/4 levels left

rFire    . . .     SeeInvis .   a - +0 war axe
rCold    . . .     Gourm    .   c - +0 shield
rNeg     . . .     Faith    .   b - +0 scale mail
rPois    .         Spirit   .   (no helmet)
rElec    .         Reflect  .   (no cloak)
rCorr    .         Harm     .   e - +0 pair of gloves
MR       .....                  (no boots)
Stlth    ..........             (no amulet)
Regen    0.2/turn               (no ring)
MPRegen  0.1/turn               (no ring)

@: mighty
A: no striking features
a: no special abilities


You were on level 3 of the Dungeon.
You were very hungry.

You visited 1 branch of the dungeon, and saw 3 of its levels.
You also visited: Sewer.

You collected 96 gold pieces.

Inventory:

Hand Weapons
 a - a +0 war axe (weapon)
Armour
 b - a +0 scale mail (worn)
 c - a +0 shield (worn)
 e - a +0 pair of gloves (worn)
Wands
 r - a wand of random effects (26/48)
Scrolls
 i - a scroll of fear {unknown}
 j - 3 scrolls of teleportation {unknown}
 k - 9 scrolls of identify {unknown}
 l - a scroll of blinking {unknown}
 n - a scroll of remove curse {unknown}
 o - a scroll of enchant weapon {unknown}
 q - a scroll of amnesia {unknown}
Potions
 d - a potion of might
 h - 3 potions of flight {unknown}
 m - 6 potions of curing {unknown}
 s - a potion of magic {unknown}
Comestibles
 f - 2 bread rations
 g - 3 fruits
 p - 2 meat rations


   Skills:
 + Level 5.9 Fighting
 + Level 5.5 Axes
 - Level 3.2 Armour
 - Level 3.2 Shields


You had 4 spell levels left.
You didn't know any spells.

Dungeon Overview and Level Annotations

Branches:
Dungeon (3/15)

Altars:
Ashenzari
Yredelemnul


Message History

The electric eel shoots out a bolt of lightning at you!
The bolt of electricity hits you!
* * * LOW HITPOINT WARNING * * *
You slash the electric eel!
The electric eel is heavily wounded.
Your shield and scale mail prevent you from hitting the electric eel.
The electric eel shoots out a bolt of lightning at you!
The bolt of electricity hits you!
* * * LOW HITPOINT WARNING * * *
The bolt of electricity hits you!
* * * LOW HITPOINT WARNING * * *
You slash the electric eel!
The electric eel is heavily wounded.
You hit the electric eel. You hit the electric eel.
The electric eel is severely wounded.
You barely miss the electric eel.
The electric eel shoots out a bolt of lightning at you!
The bolt of electricity hits you!
You die...

≈...#
#####...#..#
....#
####...##.## .
#...#
#.(.....#.##
..###
#.....©....#
#..#######.#
#..#8...8#.#
#..#P./.P#.#
#..###'###.##
#..#;@..≈#....
#..#;.(.≈#.#..
#..#≈≈≈≈≈#.#..
#..#≈≈♣P≈#.#
#..#≈≈≈≈≈#.#
#..#≈PP≈≈#.#
...#≈P≈≈≈#...
##..###+###.#.


You could see 2 electric eels.

Vanquished Creatures
  A big kobold (Sewer)
  Jessica (D:3)
  2 adders
  3 river rats
  2 worms
  A leopard gecko (D:1)
  2 ball pythons
  5 goblins
  7 hobgoblins
  6 jackals
  A bat (D:1)
  2 frilled lizards (D:2)
  5 kobolds
  8 rats
46 creatures vanquished.

Notes
Turn   | Place    | Note
-------+----------+-------------------------------------------
     0 | D:1      | anfisbena the Hill Orc Fighter began the quest for the Orb.
     0 | D:1      | Reached XP level 1. HP: 19/19 MP: 1/1
   136 | D:1      | Reached XP level 2. HP: 27/27 MP: 2/2
   502 | D:2      | Reached XP level 3. HP: 30/33 MP: 3/3
   598 | D:2      | Found a basalt altar of Yredelemnul.
   640 | D:2      | Found a shattered altar of Ashenzari.
  1128 | D:3      | Noticed Jessica
  1137 | D:3      | Killed Jessica
  1137 | D:3      | Reached XP level 4. HP: 35/41 MP: 4/4
  1148 | D:3      | Reached skill level 5 in Fighting
  1191 | D:3      | Found a glowing drain.
  1198 | Sewer    | Entered a sewer
  1490 | Sewer    | Noticed a big kobold
  1508 | Sewer    | Reached XP level 5. HP: 22/48 MP: 5/5
  1514 | Sewer    | Killed a big kobold
  1514 | Sewer    | Reached skill level 5 in Axes
  1734 | Sewer    | Found a white marble altar of Elyvilon.
  1861 | D:3      | Found a transporter.
  1876 | D:3      | Killed from afar by an electric eel

Skill      XL: |  1  2  3  4  5 |
---------------+----------------+-----
Axes           | 3 4 5 |  5.5
Fighting       | 4 5 |  5.9
Armour         | |  3.2
Shields        | |  3.2

Action                   |  1- 3 |  4- 6 || total
-------------------------+-------+-------++-------
Melee: War axe           |    99 |    56 ||   155
  Use: Potion            |       |     1 ||     1
  Eat: Chunk             |     1 |     1 ||     2
Armor: Scale mail        |    42 |    46 ||    88
Dodge: Dodged            |    28 |    26 ||    54
Block: Shield            |    56 |    34 ||    90
